 Dungeon Crawl Stone Soup version 0.24.0-123-gd5b16e6ec5 (webtiles) character file.

Game seed: 7837349309312969633, levelgen mode: deterministic

98 Froggeryz the Chopper (level 4, -1/38 HPs)
             Began as a Minotaur Fire Elementalist on Dec 30, 2019.
             Slain by Sigmund
             ... wielding a +0 scythe of protection
              (13 damage)
             ... on level 3 of the Dungeon.
             The game lasted 00:02:42 (2654 turns).

Froggeryz the Chopper (Minotaur Fire Elementalist)  Turns: 2654, Time: 00:02:43

Health: -1/38      AC:  6    Str: 19    XL:     4   Next: 43%
Magic:  5/5        EV: 12    Int: 12    God:
Gold:   71         SH:  0    Dex: 10    Spells: 4/5 levels left

rFire    . . .     SeeInvis .   n - -2 mace (curse)
rCold    . . .     Gourm    .   (no shield)
rNeg     . . .     Faith    .   f - +1 leather armour
rPois    .         Spirit   .   (helmet restricted)
rElec    .         Reflect  .   k - +0 cloak (curse)
rCorr    .         Harm     .   h - +0 pair of gloves
MR       .....                  (no boots)
Stlth    ..........             (no amulet)
HPRegen  0.12/turn              d - ring of attention (curse)
MPRegen  0.09/turn              (no ring)

@: mighty
A: retaliatory headbutt, horns 2
a: no special abilities


You were on level 3 of the Dungeon.
You were hungry.

You visited 1 branch of the dungeon, and saw 3 of its levels.

You collected 71 gold pieces.

Inventory:

Hand Weapons
 a - a +3 dagger of holy wrath
 m - a +1 hand axe
 n - a cursed -2 mace (weapon)
Missiles
 j - 2 atropa-tipped darts (quivered)
Armour
 f - a +1 leather armour (worn)
 h - a +0 pair of gloves (worn)
 k - a cursed +0 cloak (worn)
Jewellery
 d - a cursed ring of attention (left hand)
 i - an uncursed ring of fire
Scrolls
 e - 2 scrolls of teleportation
Potions
 b - a potion of curing {unknown}
 l - a potion of haste {unknown}
 o - 2 potions of resistance {unknown}
Comestibles
 c - 4 rations


   Skills:
 - Level 3.3 Fighting
 + Level 3.4 Axes
 - Level 2.2 Dodging
 - Level 1.5 Stealth
 - Level 1.3 Spellcasting
 - Level 0.6 Conjurations
 - Level 2.1 Fire Magic


You had 4 spell levels left.
You knew the following spells:

 Your Spells              Type           Power        Failure   Level  Hunger
a - Flame Tongue          Conj/Fire      #....        21%         1    ##.....

Your spell library contained the following spells:

 Spells                   Type           Power        Failure   Level  Hunger
 Throw Flame              Conj/Fire      #.....       30%         2    ###....
 Conjure Flame            Conj/Fire      #.......     52%         3    ####...
 Inner Flame              Hex/Fire       #.......     54%         3    ####...
 Sticky Flame             Conj/Fire      #.......     89%         4    #####..
 Fireball                 Conj/Fire      #.........   99%         5    ######.


Dungeon Overview and Level Annotations

Branches:
Dungeon (3/15)

Altars:

Annotations:
D:3 Sigmund


Innate Abilities, Weirdness & Mutations

You reflexively headbutt those who attack you in melee.
You have a pair of horns on your head.


Message History

Sigmund is nearby!
You feel very mighty all of a sudden.
Sigmund gestures wildly while chanting.
Sigmund flickers and vanishes!
Deactivating autopickup; reactivate with Ctrl-A.
You sock something! Something hits you!
You closely miss something. Something hits you!
You miss something. Something hits you.
You hit something. You headbutt something.
Something hits you but does no damage.
You closely miss something. Something hits you but does no damage.
You miss something. Your headbutt misses something.
Something hits you but does no damage.
You miss something. Your headbutt misses something.
You are feeling hungry.
You barely miss something.
You hear some strange, mumbled words.
A puff of flame appears from out of thin air!
The puff of flame hits you. Something hits you!
You die...

#.#.... ...
#.#.... ..##
#...... ...
..#...( ..#
....... ..# #....
..# #.#..##{##..#
...#
#.....@.....#
..#.###.#.#.###.#
.....>....#.#
....###.#.#..
#.#.# #.#.#.##
#.###.#.# #.#.#.#
#.....#.# #.#.#)#
####.#.###.#.#.#
#<...#.......#


There were no monsters in sight!

Vanquished Creatures
  A worker ant (D:2)
  2 adders (D:2)
  An ooze (D:2)
  A worm (D:2)
  2 dart slugs
  2 leopard geckos (D:1)
  A giant cockroach (D:1)
  3 goblins
  9 hobgoblins
  7 kobolds
  8 bats
  A frilled lizard (D:1)
  7 rats
45 creatures vanquished.

Notes
Turn   | Place    | Note
-------+----------+-------------------------------------------
     0 | D:1      | Froggeryz the Minotaur Fire Elementalist began the quest
                  | for the Orb.
     0 | D:1      | Reached XP level 1. HP: 14/14 MP: 1/1
    24 | D:1      | Reached skill level 1 in Fighting
   280 | D:1      | Reached XP level 2. HP: 17/24 MP: 3/3
  1292 | D:2      | Reached XP level 3. HP: 31/31 MP: 4/4
  1520 | D:2      | Reached skill level 1 in Axes
  2063 | D:2      | Reached XP level 4. HP: 18/38 MP: 5/5
  2641 | D:3      | Noticed Sigmund
  2654 | D:3      | Slain by Sigmund

Levels and vault maps discovered:
D:1:      dpeg_arrival_yet_another_circle, layout_basic, minmay_liquid_box
D:2:      layout_basic, first_ration
D:3:      layout_basic, nicolae_overflow_hidden_temple, uniq_sigmund, uniq_ijyb

Skill      XL: |  1  2  3  4 |
---------------+-------------+-----
Fighting       | 2 3 |  3.3
Axes           | 2 3 |  3.4
Dodging        | |  2.2
Stealth        | |  1.5
Spellcasting   | |  1.3
Conjurations   | |  0.6
Fire Magic     | |  2.1

Action                   |  1- 3 |  4- 6 || total
-------------------------+-------+-------++-------
Melee: Unarmed           |    55 |       ||    55
       Headbutt          |    15 |     2 ||    17
       Dagger            |    13 |       ||    13
       Mace              |    33 |    24 ||    57
       Hand axe          |     3 |       ||     3
Throw: Dart              |       |     1 ||     1
  Use: Scroll            |     5 |     1 ||     6
       Potion            |       |     1 ||     1
 Stab: Sleeping          |     2 |       ||     2
  Eat: Chunk             |     4 |     1 ||     5
Armor: Robe              |     8 |       ||     8
       Leather armour    |    17 |     9 ||    26
Dodge: Dodged            |    67 |    12 ||    79
